 Dungeon Crawl Stone Soup version 0.29-a0-721-g7f417c9bbb (webtiles) character file.

Game seed: 15126693805740291297

44 gobodom the Magician (level 3, -3/24 HPs)
             Began as a Mummy Fire Elementalist on June 27, 2022.
             Slain by an orc
             ... wielding a +0 short sword
              (5 damage)
             ... on level 3 of the Dungeon.
             The game lasted 00:06:14 (1491 turns).

gobodom the Magician (Mummy Fire Elementalist)      Turns: 1491, Time: 00:06:15

Health: -3/24      AC:  2    Str: 11    XL:     3   Next: 39%
Magic:  2/8        EV: 12    Int: 16    God:
Gold:   44         SH:  0    Dex: 12    Spells: 6/9 levels left

rFire   x . .      SeeInvis .   (no weapon)
rCold   + . .      Faith    .   (no shield)
rNeg    + + +      Spirit   .   a - +0 robe
rPois   ∞          Reflect  .   (no helmet)
rElec   .          Harm     .   (no cloak)
rCorr   .          Rampage  .   (no gloves)
Will    .....                   (no boots)
Stlth   ++........              i - amulet of the acrobat
HPRegen 0.08/turn               (no ring)
MPRegen 0.11/turn               (no ring)

@: very slightly contaminated
A: cold resistance 1, negative energy resistance 3, torment resistance 2, heat
vulnerability 1, in touch with death 1, no potions
a: no special abilities


You were on level 3 of the Dungeon.
You visited 1 branch of the dungeon, and saw 4 of its levels.

You collected 44 gold pieces.

Inventory:

Hand Weapons
 c - a +1 dagger of distortion
Missiles
 e - a throwing net
 f - 3 poisoned darts
Armour
 a - a +0 robe (worn)
Jewellery
 i - an amulet of the acrobat (around neck)
Wands
 g - a wand of digging (6)
Scrolls
 b - a scroll of identify {unknown}
 d - a scroll of summoning {unknown}
 h - a scroll of poison {unknown}


   Skills:
 + Level 1.6 Dodging
 + Level 1.8 Stealth
 + Level 3.6 Spellcasting
 + Level 1.0 Conjurations
 + Level 3.0 Fire Magic


You had 6 spell levels left.
You knew the following spells:

 Your Spells              Type           Power      Damage    Failure   Level
a - Foxfire               Conj/Fire      36%        2x1d5     8%          1
b - Scorch                Fire           24%        2d6       8%          2

Your spell library contained the following spells:

 Spells                   Type           Power      Damage    Failure   Level
 Conjure Flame            Conj/Fire      9%         6-21      22%         3
 Inner Flame              Hex/Fire       7%         N/A       28%         3
 Summon Guardian Golem    Hex/Summ       2%         N/A       47%         3
 Flame Wave               Conj/Fire      9%         2d5       58%         4
 Conjure Ball Lightning   Conj/Air       2%         3x3d6     100%        6
 Orb of Destruction       Conj           3%         9d5       100%        7
 Spellforged Servitor     Conj/Summ      2%         N/A       100%        7
 Discord                  Hex            1%         N/A       100%        8
 Disjunction              Tloc           1%         N/A       100%        8


Dungeon Overview and Level Annotations

Branches:
Dungeon (4/15)
 Temple: D:4-7

Altars:


Innate Abilities, Weirdness & Mutations

You are immune to poison.
Your flesh is cold resistant. (rC+)
You are immune to negative energy. (rN+++)
You are immune to unholy pain and torment.
You are vulnerable to heat. (rF-)
You are in touch with the powers of death.
You do not drink.


Message History

The orc shouts!
The foxfire hits the orc but does no damage. x2
You conjure some foxfire!
The foxfire hits the orc.
The orc is lightly wounded.
The foxfire hits the orc.
The orc is heavily wounded.
You conjure some foxfire!
The orc hits you with a +0 short sword. The orc attacks as you move away!
The orc hits you with a +0 short sword.
The foxfire hits the orc but does no damage.
The orc is heavily wounded.
The foxfire hits the orc but does no damage.
The orc is heavily wounded.
A dart slug comes into view.
You miscast Foxfire.
You are very lightly contaminated with residual magic.
Nothing appears to happen.
The orc hits you with a +0 short sword.
You are too injured to fight recklessly!
Casting: Foxfire (safe; 8% risk of failure)
Confirm with . or Enter, or press ? or * to list all spells.
You conjure some foxfire!
The orc hits you with a +0 short sword.
* * * LOW HITPOINT WARNING * * *
The orc attacks as you move away! The orc hits you with a +0 short sword.
* * * LOW HITPOINT WARNING * * *
The foxfire hits the orc.
The orc is severely wounded.
The foxfire hits the orc but does no damage.
The orc is severely wounded.
Casting: Foxfire (safe; 8% risk of failure)
Confirm with . or Enter, or press ? or * to list all spells.
You conjure some foxfire!
The orc hits you with a +0 short sword.
* * * LOW HITPOINT WARNING * * *
The foxfire hits the orc but does no damage.
The orc is severely wounded.
The foxfire hits the orc but does no damage.
The orc is severely wounded.
Casting: Foxfire (safe; 8% risk of failure)
Confirm with . or Enter, or press ? or * to list all spells.
You conjure some foxfire!
The orc hits you with a +0 short sword.
You die...

#.# #.# #.###.#
##.##..#### .
#.........####..
#.††!...........
#...>.....#...#
#...........#
#######v.#####.####
#.....@v§# #..#
#!....o..####.##
#.............#
#........######
#........#
#......w.#
#........#
#........#
#........#


You could see a dart slug and an orc (ally target).

Vanquished Creatures
  A worm (D:3)
  2 dart slugs (D:1)
  2 ball pythons (D:1)
  2 endoplasms
  4 giant cockroaches
  A goblin (D:1)
  2 hobgoblins (D:1)
  2 jackals (D:1)
  5 kobolds
  A quokka (D:1)
  5 bats
  6 frilled lizards
  A rat (D:1)
34 creatures vanquished.

Vanquished Creatures (others)
  107 foxfires
107 creatures vanquished.

Grand Total: 141 creatures vanquished

Notes
Turn   | Place    | Note
-------+----------+-------------------------------------------
     0 | D:1      | gobodom the Mummy Fire Elementalist began the quest for the
                  | Orb.
     0 | D:1      | Reached XP level 1. HP: 13/13 MP: 4/4
   203 | D:1      | Reached XP level 2. HP: 19/19 MP: 4/6
   855 | D:1      | Learned a level 2 spell: Scorch
   971 | D:1      | Gained mutation: You are in touch with the powers of death.
                  | [Mummy growth]
   971 | D:1      | Reached XP level 3. HP: 24/24 MP: 2/7
   972 | D:1      | Reached skill level 1 in Conjurations
  1317 | D:2      | You fall into a shaft and drop 2 floors!
  1491 | D:3      | Slain by an orc

Illustrated notes

Levels and vault maps discovered:
D:1:      heliophobic_arrival_ceremonial_halls, layout_basic,
          serial_bayou_pond_d
D:2:      layout_loops_cross, minmay_misc_feat_plants
D:3:      layout_rooms, mainiacjoe_overflow_tiny_flanked,
          overflow_temple_1_default, gammafunk_ghost_mausoleum,
          hellmonk_ecumenical_altar_blasted, serial_shops,
          nicolae_shop_behind_doors
D:4:      cheibrodos_barr_body, layout_loops_ring, dk_noncrumbling_2

Skill      XL: |  1  2  3 |
---------------+----------+-----
Spellcasting   | 3 |  3.6
Fire Magic     | 3 |  3.0
Conjurations   | 1 |  1.0
Dodging        | |  1.6
Stealth        | |  1.8

Action                   || total
-------------------------++-------
 Cast: Foxfire           ||    61
Armor: Robe              ||     7
Dodge: Dodged            ||    32

Table legend: (Time is in decaauts)
 A = Elapsed time spent in this place.
 B = Non-inter-level travel time spent in this place.
 C = Inter-level travel time spent in this place.
 D = Time resting spent in this place.
 E = Time spent auto-exploring this place.
 F = Levels seen in this place.
 G = Mean time per level.
                   A        B        C        D        E       F      G
               +--------+--------+--------+--------+--------+-----+--------+
         Total |   1490 |   1490 |      0 |      0 |   1144 |   4 |  372.5 |
       Dungeon |   1490 |   1490 |      0 |      0 |   1144 |   4 |  372.5 |
               +--------+--------+--------+--------+--------+-----+--------+

Top non-repeatable levels by time:
     D:1: 1235 daAuts
     D:3: 88 daAuts
     D:4: 84 daAuts
     D:2: 81 daAuts
